AoeStats
← 夜天刃233

Arena

510119051Analyzed
2v2 RM · 3d ago on Sep 29, 2026· 35m 7s· 4 players
Game mode
Random Map
Map size
Medium (4 player)
Population
200
Speed
Normal
Resources
Standard
Victory
Conquest
Starting age
Dark Age
Ending age
Imperial Age
RankedLock teamsTeams togetherTeam positionsShared explorationLock speedFull tech treeHidden civsTurbo modeCheats
Victory
Defeat
🇹🇷 Spanish · Türkiye
928
+15
🇹🇷 Inca · Türkiye
881
+17
🇨🇳 Britons · China
1000
-66
🇨🇳 Shu · China
792
-11
孤儿院剑圣月夜狐
0:37 Loom
12:34 Feudal Age
13:17 Double-Bit Axe
15:51 Horse Collar
21:33 Castle Age
19:36 Fletching
20:04 Padded Archer Armor
20:13 Gold Mining
21:54 Crossbowman
22:43 Thumb Ring
23:48 Bow Saw
24:02 Bow Saw
24:07 Bodkin Arrow
24:28 Leather Archer Armor
24:59 Gold Shaft Mining
25:25 Ballistics
26:26 Wheelbarrow
26:20 Stone Mining
27:25 Heavy Plow
27:24 Man-at-Arms
28:06 Squires
28:40 Forging
28:27 Long Swordsman
31:19 Arson
31:36 Scale Mail Armor
夜天刃233
1:00 Loom
12:11 Feudal Age
14:08 Wheelbarrow
14:15 Horse Collar
14:24 Double-Bit Axe
21:20 Castle Age
21:30 Fletching
21:43 Scale Mail Armor
22:21 Hand Cart
22:32 Pikeman
23:14 Squires
23:02 Arson
23:07 Gambesons
24:41 Fervor
24:39 Crossbowman
34:09 Bodkin Arrow
Dirty Harry
11:15 Feudal Age
16:24 Castle Age
15:37 Horse Collar
16:43 Scale Mail Armor
16:58 Gold Mining
18:33 Stone Mining
20:33 Chain Mail Armor
33:39 Imperial Age
32:48 Wheelbarrow
32:50 Town Watch
35:07 Treadmill Crane
35:40 Fortified Wall
Morias1stt
8:54 Loom
11:11 Feudal Age
16:09 Castle Age
14:33 Double-Bit Axe
14:58 Stone Mining
15:49 Gold Mining
27:02 Light Cavalry
29:18 Bloodlines
29:45 Padded Archer Armor
35:14 Imperial Age
Connection lost

Rejoining the realm…

Still unreachable

The connection could not be restored.

Session expired

The server has moved on; the page needs a fresh start.